| TOP OF THE 1ST |
|
Colorado Avalanche batting - Pitching for Oakland Oaks : LHP Cory Yeary
|
|
Pitching: LHP Cory Yeary
|
|
|
Batting: RHB Matviy Oliynyk
|
0-0: Ball 1-0: Ball 2-0: Foul Ball, location: 2F 2-1: Ball 3-1: Called Strike 3-2: Foul Ball, location: 2F 3-2: Fly out, F3 (Popup, 3SF, EV 83.8 MPH)
|
|
Batting: RHB Seisaburo Edagawa
|
0-0: Ball 1-0: SINGLE (Flyball, 5D, EV 89.4 MPH)
|
|
Batting: RHB Eric Delgado
|
0-0: Foul Ball, location: 2F 0-1: Foul Ball, location: 2F 0-2: Foul Ball, location: 2F 0-2: Ball Wild Pitch! Seisaburo Edagawa to second 1-2: Ball 2-2: Ball 3-2: Foul Ball, location: 2F 3-2: Foul Ball, location: 2F 3-2: Ground out 5-3 (Groundball, 56, EV 85.0 MPH)
|
|
Batting: LHB Nick Rooney
|
0-0: Foul Ball, location: 2F 0-1: Foul Ball, location: 2F 0-2: Ball 1-2: Ball 2-2: Foul Ball, location: 2F 2-2: Strikes out looking
|
| Top of the 1st over - 0 runs, 1 hit, 0 errors, 1 left on base; Colorado 0 - Oakland 0 |
| BOTTOM OF THE 1ST |
|
Oakland Oaks batting - Pitching for Colorado Avalanche : RHP Jim Crooks
|
|
Pitching: RHP Jim Crooks
|
|
|
Batting: RHB Chris Bohm
|
0-0: Swinging Strike 0-1: Called Strike 0-2: Strikes out swinging
|
|
Batting: RHB Scott Lister
|
0-0: Foul Ball, location: 2F 0-1: Called Strike 0-2: Strikes out looking
|
|
Batting: RHB Walt Alaniz
|
0-0: Ball 1-0: Ground out U3 (Groundball, 3, EV 83.8 MPH)
|
| Bottom of the 1st over - 0 runs, 0 hits, 0 errors, 0 left on base; Colorado 0 - Oakland 0 |
| TOP OF THE 2ND |
|
Colorado Avalanche batting - Pitching for Oakland Oaks : LHP Cory Yeary
|
|
Batting: RHB Bob Hayes
|
0-0: Foul Ball, location: 2F 0-1: Ball 1-1: Foul Ball, location: 2F 1-2: SINGLE (Line Drive, 4D, EV 104.4 MPH)
|
|
Batting: LHB Mick Tucker
|
0-0: Ball 1-0: SINGLE (Groundball, 34D, EV 97.5 MPH) Bob Hayes to second Runner from 2nd tries for 3rd, SAFE, throw by RF made to third
|
|
Batting: LHB Paul McClintock
|
0-0: Called Strike 0-1: Ball 1-1: Ball 2-1: Foul Ball, location: 2F 2-2: Foul Ball, location: 2F 2-2: Ball 3-2: Strikes out swinging
|
|
Batting: LHB Glenn Lowther
|
0-0: Called Strike 0-1: Swinging Strike 0-2: Ball 1-2: Ball 2-2: Ball 3-2: 3-RUN HOME RUN (Line Drive, 9D, EV 113.8 MPH), Distance : 435 ft
|
|
Batting: LHB Jerry Santana
|
0-0: Called Strike 0-1: Ball 1-1: Foul Ball, location: 2F 1-2: Strikes out swinging
|
|
Batting: RHB Matviy Oliynyk
|
0-0: Ball 1-0: Foul Ball, location: 2F 1-1: Called Strike 1-2: Foul Ball, location: 2F 1-2: Foul Ball, location: 2F 1-2: Hit by Pitch
|
|
Batting: RHB Seisaburo Edagawa
|
0-0: Ground out 4-3 (Groundball, 4, EV 102.5 MPH)
|
| Top of the 2nd over - 3 runs, 3 hits, 0 errors, 1 left on base; Colorado 3 - Oakland 0 |
| BOTTOM OF THE 2ND |
|
Oakland Oaks batting - Pitching for Colorado Avalanche : RHP Jim Crooks
|
|
Batting: LHB Felipe Gomez
|
0-0: Called Strike 0-1: Ball 1-1: SINGLE (Groundball, 6M, EV 95.6 MPH)
|
|
Batting: RHB Chris Temple
|
0-0: Swinging Strike 0-1: Called Strike 0-2: Ball 1-2: Ball 2-2: Foul Ball, location: 2F 2-2: Fly out, F8 (Line Drive, 8RM, EV 109.4 MPH)
|
|
Batting: LHB Ed Talamantes
|
0-0: Called Strike Felipe Gomez is caught stealing 2nd base 2-6 0-1: Ball 1-1: Ball 2-1: Ground out 6-3 (Groundball, 6, EV 90.6 MPH)
|
| Bottom of the 2nd over - 0 runs, 1 hit, 0 errors, 0 left on base; Colorado 3 - Oakland 0 |
| TOP OF THE 3RD |
|
Colorado Avalanche batting - Pitching for Oakland Oaks : LHP Cory Yeary
|
|
Batting: RHB Eric Delgado
|
0-0: Called Strike 0-1: Ball 1-1: Ball 2-1: Foul Ball, location: 2F 2-2: Foul Ball, location: 2F 2-2: Foul Ball, location: 2F 2-2: Ball 3-2: SOLO HOME RUN (Flyball, 78XD, EV 108.8 MPH), Distance : 442 ft
|
|
Batting: LHB Nick Rooney
|
0-0: Foul Ball, location: 2F 0-1: Ball 1-1: Swinging Strike 1-2: Foul Ball, location: 2F 1-2: Ground out 4-3 (Groundball, 4, EV 101.2 MPH)
|
|
Batting: RHB Bob Hayes
|
0-0: Foul Ball, location: 2F 0-1: Ball 1-1: Swinging Strike 1-2: Strikes out swinging
|
|
Batting: LHB Mick Tucker
|
0-0: Ball 1-0: Ball 2-0: Foul Ball, location: 2F 2-1: Called Strike 2-2: Ball 3-2: Base on Balls
|
|
Batting: LHB Paul McClintock
|
0-0: Called Strike 0-1: Fly out, F6 (Popup, 6M, EV 53.8 MPH)
|
| Top of the 3rd over - 1 run, 1 hit, 0 errors, 1 left on base; Colorado 4 - Oakland 0 |
| BOTTOM OF THE 3RD |
|
Oakland Oaks batting - Pitching for Colorado Avalanche : RHP Jim Crooks
|
|
Batting: RHB Don Burt
|
0-0: Called Strike 0-1: Ball 1-1: Fly out, F7 (Flyball, 7D, EV 95.6 MPH)
|
|
Batting: RHB Travis Robinson
|
0-0: Ground out 5-3 (Groundball, 56, EV 81.2 MPH)
|
|
Batting: RHB Tim Anderson
|
0-0: Ground out 6-3 (Groundball, 6, EV 90.6 MPH)
|
| Bottom of the 3rd over - 0 runs, 0 hits, 0 errors, 0 left on base; Colorado 4 - Oakland 0 |
| TOP OF THE 4TH |
|
Colorado Avalanche batting - Pitching for Oakland Oaks : LHP Cory Yeary
|
|
Batting: LHB Glenn Lowther
|
0-0: Called Strike 0-1: Ball 1-1: Called Strike 1-2: Foul Ball, location: 2F 1-2: Fly out, F8 (Flyball, 78D, EV 91.9 MPH)
|
|
Pitching: RHP Nasser bin Ata
|
|
|
Batting: LHB Jerry Santana
|
0-0: SINGLE (Line Drive, 6D, EV 96.9 MPH)
|
|
Batting: RHB Matviy Oliynyk
|
0-0: Ball 1-0: Called Strike 1-1: Grounds into double play, 6-4-3 (Groundball, 6, EV 86.2 MPH)
|
| Top of the 4th over - 0 runs, 1 hit, 0 errors, 0 left on base; Colorado 4 - Oakland 0 |
| BOTTOM OF THE 4TH |
|
Oakland Oaks batting - Pitching for Colorado Avalanche : RHP Jim Crooks
|
|
Batting: RHB Chris Bohm
|
0-0: Called Strike 0-1: Ball 1-1: Swinging Strike 1-2: Ball 2-2: Ball 3-2: Fly out, F7 (Flyball, 7LM, EV 86.2 MPH)
|
|
Batting: RHB Scott Lister
|
0-0: Ball 1-0: Called Strike 1-1: Ball 2-1: Ball 3-1: Base on Balls
|
|
Batting: RHB Walt Alaniz
|
0-0: Called Strike 0-1: Ball 1-1: Grounds into double play, 6-4-3 (Groundball, 56, EV 103.8 MPH)
|
| Bottom of the 4th over - 0 runs, 0 hits, 0 errors, 0 left on base; Colorado 4 - Oakland 0 |
| TOP OF THE 5TH |
|
Colorado Avalanche batting - Pitching for Oakland Oaks : RHP Nasser bin Ata
|
|
Batting: RHB Seisaburo Edagawa
|
0-0: Ground out 1-3 (Groundball, 13S, EV 70.6 MPH)
|
|
Batting: RHB Eric Delgado
|
0-0: Called Strike 0-1: Called Strike 0-2: Foul Ball, location: 2F 0-2: Strikes out looking
|
|
Batting: LHB Nick Rooney
|
0-0: Called Strike 0-1: Called Strike 0-2: Strikes out swinging, 2-3 out at first.
|
| Top of the 5th over - 0 runs, 0 hits, 0 errors, 0 left on base; Colorado 4 - Oakland 0 |
| BOTTOM OF THE 5TH |
|
Oakland Oaks batting - Pitching for Colorado Avalanche : RHP Jim Crooks
|
|
Batting: LHB Felipe Gomez
|
0-0: Called Strike 0-1: Ball 1-1: Ball 2-1: Foul Ball, location: 2F 2-2: Strikes out swinging
|
|
Batting: RHB Chris Temple
|
0-0: Ball 1-0: Foul Ball, location: 2F 1-1: Ball 2-1: Foul Ball, location: 2F 2-2: Ground out 5-3 (Groundball, 56D, EV 102.5 MPH)
|
|
Batting: LHB Ed Talamantes
|
0-0: Ball 1-0: Ball 2-0: Called Strike 2-1: Swinging Strike 2-2: Ball 3-2: Strikes out swinging
|
| Bottom of the 5th over - 0 runs, 0 hits, 0 errors, 0 left on base; Colorado 4 - Oakland 0 |
| TOP OF THE 6TH |
|
Colorado Avalanche batting - Pitching for Oakland Oaks : RHP Nasser bin Ata
|
|
Batting: RHB Bob Hayes
|
0-0: Foul Ball, location: 2F 0-1: Foul Ball, location: 2F 0-2: Foul Ball, location: 2F 0-2: Strikes out swinging
|
|
Batting: LHB Mick Tucker
|
0-0: Ball 1-0: Foul Ball, location: 2F 1-1: Foul Ball, location: 2F 1-2: Foul Ball, location: 2F 1-2: Strikes out swinging
|
|
Batting: LHB Paul McClintock
|
0-0: Foul Ball, location: 2F 0-1: Ball 1-1: Ball 2-1: Swinging Strike 2-2: Strikes out looking
|
| Top of the 6th over - 0 runs, 0 hits, 0 errors, 0 left on base; Colorado 4 - Oakland 0 |
| BOTTOM OF THE 6TH |
|
Oakland Oaks batting - Pitching for Colorado Avalanche : RHP Jim Crooks
|
|
Batting: RHB Don Burt
|
0-0: Foul Ball, location: 2F 0-1: Swinging Strike 0-2: Foul Ball, location: 2F 0-2: Strikes out swinging
|
|
Batting: RHB Travis Robinson
|
0-0: Called Strike 0-1: Ball 1-1: Ball 2-1: Swinging Strike 2-2: Ball 3-2: Strikes out swinging
|
|
Batting: RHB Tim Anderson
|
0-0: Foul Ball, location: 2F 0-1: Ball 1-1: Called Strike 1-2: Foul Ball, location: 2F 1-2: Foul Ball, location: 2F 1-2: SINGLE (Line Drive, 8LS, EV 95.0 MPH)
|
|
Batting: RHB Chris Bohm
|
0-0: Swinging Strike 0-1: Foul Ball, location: 2F 0-2: Ground out 5-3 (Groundball, 56S, EV 85.6 MPH)
|
| Bottom of the 6th over - 0 runs, 1 hit, 0 errors, 1 left on base; Colorado 4 - Oakland 0 |
| TOP OF THE 7TH |
|
Colorado Avalanche batting - Pitching for Oakland Oaks : RHP Nasser bin Ata
|
|
Batting: LHB Glenn Lowther
|
0-0: Ball 1-0: Ball 2-0: Called Strike 2-1: Called Strike 2-2: Strikes out swinging
|
|
Batting: LHB Jerry Santana
|
0-0: Ball 1-0: Foul Ball, location: 2F 1-1: Called Strike 1-2: Strikes out looking
|
|
Batting: RHB Matviy Oliynyk
|
0-0: Ground out 6-3 (Groundball, 6, EV 88.1 MPH)
|
| Top of the 7th over - 0 runs, 0 hits, 0 errors, 0 left on base; Colorado 4 - Oakland 0 |
| BOTTOM OF THE 7TH |
|
Oakland Oaks batting - Pitching for Colorado Avalanche : RHP Jim Crooks
|
|
Batting: RHB Scott Lister
|
0-0: Ball 1-0: Swinging Strike 1-1: Ground out 5-3 (Groundball, 56, EV 105.0 MPH)
|
|
Batting: RHB Walt Alaniz
|
0-0: Called Strike 0-1: Hit by Pitch
|
|
Batting: LHB Felipe Gomez
|
0-0: Fielders Choice at 2nd, 3-6 (Groundball, 3S, EV 84.4 MPH)
|
|
Batting: RHB Chris Temple
|
0-0: Called Strike 0-1: Ball 1-1: Ball 2-1: 2-RUN HOME RUN (Flyball, 7LD, EV 97.5 MPH), Distance : 355 ft
|
|
Batting: LHB Ed Talamantes
|
0-0: Called Strike 0-1: Ball 1-1: Foul Ball, location: 2F 1-2: Fly out, F8 (Flyball, 8LS, EV 93.1 MPH)
|
| Bottom of the 7th over - 2 runs, 1 hit, 0 errors, 0 left on base; Colorado 4 - Oakland 2 |
| TOP OF THE 8TH |
|
Colorado Avalanche batting - Pitching for Oakland Oaks : RHP Nasser bin Ata
|
|
Batting: RHB Seisaburo Edagawa
|
0-0: Ball 1-0: Ball 2-0: Called Strike 2-1: Called Strike 2-2: Fly out, F7 (Flyball, 7LSF, EV 84.4 MPH)
|
|
Batting: RHB Eric Delgado
|
0-0: Foul Ball, location: 2F 0-1: Ball 1-1: Swinging Strike 1-2: Strikes out looking
|
|
Batting: LHB Nick Rooney
|
0-0: Ball 1-0: Ball 2-0: Ball 3-0: Hit by Pitch
|
|
Pitching: RHP Charlie Shook
|
|
|
Batting: RHB Bob Hayes
|
0-0: Called Strike 0-1: Foul Ball, location: 2F 0-2: Strikes out swinging
|
| Top of the 8th over - 0 runs, 0 hits, 0 errors, 1 left on base; Colorado 4 - Oakland 2 |
| BOTTOM OF THE 8TH |
|
Oakland Oaks batting - Pitching for Colorado Avalanche : RHP Jim Crooks
|
|
Batting: RHB Don Burt
|
0-0: Called Strike 0-1: Called Strike 0-2: Ground out 6-3 (Groundball, 6, EV 81.9 MPH)
|
|
Pinch Hitting: LHB Alejandro Muniz
|
0-0: Called Strike 0-1: Ball 1-1: Ball 2-1: Called Strike 2-2: Foul Ball, location: 2F 2-2: Ball 3-2: Base on Balls
|
|
Pinch Hitting: LHB Roscoe Romaine
|
0-0: Ball 1-0: Swinging Strike 1-1: Ball 2-1: SINGLE (Flyball, 5D, EV 86.2 MPH) Alejandro Muniz to second
|
|
Pinch Hitting: SHB Ryan Chicoine
|
0-0: Ball 1-0: Ball 2-0: Ball 3-0: Called Strike 3-1: Base on Balls Alejandro Muniz to third Roscoe Romaine to second
|
|
Pinch Hitting: RHB Wade Diamond
|
0-0: Swinging Strike 0-1: Ball 1-1: Ball 2-1: Foul Ball, location: 2F 2-2: Foul Ball, location: 2F 2-2: Foul Ball, location: 2F 2-2: Ball 3-2: GRAND SLAM HOME RUN (Flyball, 7D, EV 107.5 MPH), Distance : 412 ft
|
|
Pitching: LHP Dan Ott
|
|
|
Batting: RHB Walt Alaniz
|
0-0: Ball 1-0: Fly out, F7 (Flyball, 7LM, EV 80.6 MPH)
|
|
Batting: LHB Felipe Gomez
|
0-0: Ball 1-0: Ball 2-0: Foul Ball, location: 2F 2-1: SINGLE (Line Drive, 78M, EV 103.1 MPH)
|
|
Batting: RHB Chris Temple
|
0-0: Ground out 4-3 (Groundball, 4, EV 106.2 MPH)
|
| Bottom of the 8th over - 4 runs, 3 hits, 0 errors, 1 left on base; Colorado 4 - Oakland 6 |
| TOP OF THE 9TH |
|
Colorado Avalanche batting - Pitching for Oakland Oaks : RHP Charlie Shook
|
|
Pitching: LHP Jason Hahn
|
|
|
Now at 1B: Jason Dove
|
|
|
Now at 2B: Steve Salafia
|
|
|
Now at 3B: Amare Brown
|
|
|
Now at SS: Gabe Secundino
|
|
|
Now in CF: Wade Diamond
|
|
|
Batting: LHB Mick Tucker
|
0-0: Ball 1-0: Foul Ball, location: 2F 1-1: Ball 2-1: Foul Ball, location: 2F 2-2: Strikes out swinging
|
|
Pinch Hitting: RHB Mike McElroy
|
0-0: Called Strike 0-1: Swinging Strike 0-2: Ball 1-2: Ground out 6-3 (Groundball, P, EV 90.6 MPH)
|
|
Batting: LHB Glenn Lowther
|
0-0: Ball 1-0: Called Strike 1-1: Foul Ball, location: 2F 1-2: Fly out, F7 (Line Drive, 7D, EV 86.9 MPH)
|
| Top of the 9th over - 0 runs, 0 hits, 0 errors, 0 left on base; Colorado 4 - Oakland 6 |
|